 Dungeon Crawl Stone Soup version 0.28.0-45-g0d030f2227 (webtiles) character file.

Game seed: 7217616146974193090

163 MeArio the Covered (level 5, 0/47 HPs)
             Began as a Minotaur Fighter on Apr 13, 2022.
             Slain by an orc
             ... wielding a +0 trident
              (2 damage)
             ... on level 3 of the Dungeon.
             The game lasted 00:06:21 (2369 turns).

MeArio the Covered (Minotaur Fighter)               Turns: 2369, Time: 00:06:22

Health: 0/47       AC:  8    Str: 23    XL:     5   Next: 20%
Magic:  4/4        EV: 10    Int:  5    God:
Gold:   81         SH:  4    Dex:  9    Spells: 4/4 levels left

rFire   . . .      SeeInvis .   a - +0 long sword
rCold   . . .      Faith    .   c - +0 buckler
rNeg    . . .      Spirit   .   m - +1 ring mail of Inquiry {Fly}
rPois   .          Reflect  .   (helmet restricted)
rElec   .          Harm     .   (no cloak)
rCorr   .          Rampage  .   h - +0 pair of gloves
Will    .....                   (no boots)
Stlth   ..........              (no amulet)
HPRegen 0.15/turn               (no ring)
MPRegen 0.09/turn               (no ring)

@: flying
A: horns 2, retaliatory headbutt
a: no special abilities


You were on level 3 of the Dungeon.
You visited 1 branch of the dungeon, and saw 3 of its levels.

You collected 81 gold pieces.

Inventory:

Hand Weapons
 a - a +0 long sword (weapon)
Missiles
 p - a poisoned dart (quivered)
Armour
 b - a +0 scale mail
 c - a +0 buckler (worn)
 h - a +0 pair of gloves (worn)
 m - the +1 ring mail of Inquiry (worn) {Fly}
   (You found it on level 2 of the Dungeon)

   Fly:       It grants you flight.
Scrolls
 f - 4 scrolls of teleportation {unknown}
 i - a scroll of magic mapping {unknown}
 l - a scroll of identify {unknown}
 o - a scroll of blinking {unknown}
 q - a scroll of fear {unknown}
Potions
 d - a potion of might
 e - 3 potions of brilliance {unknown}
 g - 2 potions of attraction {unknown}
 j - 2 potions of mutation {unknown}
 k - a potion of resistance {unknown}
 n - a potion of curing {unknown}


   Skills:
 + Level 4.7 Fighting
 + Level 3.8 Long Blades
 + Level 4.8 Armour
 + Level 4.7 Shields


You had 4 spell levels left.
You didn't know any spells.
Your spell library contained the following spells:

 Spells                   Type           Power      Damage    Failure   Level
 Summon Guardian Golem    Hex/Summ       0%         N/A       97%         3
 Orb of Destruction       Conj           0%         9d5       100%        7
 Spellforged Servitor     Conj/Summ      0%         N/A       100%        7


Dungeon Overview and Level Annotations

Branches:
Dungeon (3/15)

Altars:
Zin


Innate Abilities, Weirdness & Mutations

You have a pair of horns on your head.
You reflexively headbutt those who attack you in melee.


Message History

The poisoned dart closely misses the orc priest.
The orc throws a poisoned dart.
The poisoned dart barely misses you.
Throw: 3 darts (poison)
Press: ? - help, Q - select action Shift-Dir - straight line, f/p - orc priest
Aim: an orc priest, wielding a +0 trident (56% to hit)
You throw a poisoned dart. The poisoned dart hits the orc priest.
The orc priest is poisoned.
The orc barely misses you.
The orc priest hits you from afar with a +0 trident.
There is a stone staircase leading up here.
The orc closely misses you.
The orc priest mumbles some strange prayers to Beogh against you.
Pain shoots through your body!
The orc priest looks more healthy.
The orc hits you from afar with a +0 trident.
Things that are here:
a +0 hand axe; a +0 scale mail Throw: 2 darts (poison)
Press: ? - help, Q - select action Shift-Dir - straight line, f/p - orc priest
Aim: an orc priest, wielding a +0 trident (moderately wounded, 56% to hit)
You throw a poisoned dart.
The poisoned dart closely misses the orc priest.
You block the orc's attack.
The orc priest hits you from afar with a +0 trident.
The orc hits you from afar with a +0 trident!
The orc priest barely misses you. The orc hits you with a +0 trident.
Things that are here:
a +0 hand axe; a +0 scale mail You hit the orc but do no damage.
The orc barely misses you. You furiously retaliate!
You headbutt the orc, but do no damage. The orc priest barely misses you.
The orc hits you but does no damage.
You hit the orc priest.
The orc priest is heavily wounded.
The orc barely misses you. The orc priest barely misses you.
The orc barely misses you. The orc hits you with a +0 war axe!
The orc priest mumbles some strange prayers to Beogh against you.
Pain shoots through your body!
* * * LOW HITPOINT WARNING * * *
The orc hits you from afar with a +0 trident.
You die...

#.#.#.# #.#.#.# #.#.#.#
#.....# #...### #.###
#.. #.# ############.#
### ##.###.#
#......<.....# ...
...##.# #@##########.#
#.# #..##.#
##)##########.### #.#
#..##.#
#ooo..>.........#
#.####(.##.#
#(o####.#####.#.#
......(....####..# #.#
#.#.#
...........†...<.####.#
#.#.#
.♣###.(...(.o.........#
#.#.# ..
#......############
#.#.# .........#.#
#.#.#


You could see an orc priest and 3 orcs.

Vanquished Creatures
  Natasha (thrice) (D:2)
  An orc wizard (D:3)
  An adder (D:2)
  6 orcs (D:3)
  6 ball pythons
  5 endoplasms
  A giant cockroach (D:3)
  7 goblins
  3 hobgoblins
  A quokka (D:3)
  3 bats
  2 frilled lizards (D:1)
  6 kobolds
  4 rats
49 creatures vanquished.

Vanquished Creatures (others)
  5 plants (D:3)
5 creatures vanquished.

Grand Total: 54 creatures vanquished

Notes
Turn   | Place    | Note
-------+----------+-------------------------------------------
     0 | D:1      | MeArio the Minotaur Fighter began the quest for the Orb.
     0 | D:1      | Reached XP level 1. HP: 19/19 MP: 0/0
   353 | D:1      | Reached XP level 2. HP: 27/27 MP: 1/1
   579 | D:1      | Found a faded altar of an unknown god.
   890 | D:2      | Noticed Natasha
   897 | D:2      | Killed Natasha
   898 | D:2      | Reached XP level 3. HP: 33/33 MP: 2/2
   951 | D:2      | Noticed Natasha
   959 | D:2      | Killed Natasha
   960 | D:2      | Reached XP level 4. HP: 18/41 MP: 3/3
  1130 | D:2      | Found a glowing silver altar of Zin.
  1136 | D:2      | Noticed Natasha
  1150 | D:2      | Killed Natasha
  1282 | D:2      | Identified the +1 ring mail of Inquiry {Fly}
  1884 | D:3      | Reached XP level 5. HP: 37/47 MP: 4/4
  2368 | D:3      | HP: 2/47 [orc priest/nerve-wracking pain (13)]
  2369 | D:3      | Slain by an orc

Illustrated notes

Levels and vault maps discovered:
D:1:      ncdulo_smallfort, layout_basic, dreamdust_ecumenical_altar_grove,
          ebering_dispersal_statue_hall, chequers_serial_rivers_room_b
D:2:      layout_basic, basic_altar, uniq_natasha
D:3:      layout_loops_ring, serial_bayou_pond_a

Skill      XL: |  1  2 |
---------------+-------+-----
Armour         | 4 |  4.8
Fighting       | 4 |  4.7
Long Blades    | 3 |  3.8
Shields        | 4 |  4.7

Action                   |  1- 3 |  4- 6 || total
-------------------------+-------+-------++-------
Melee: Long sword        |    56 |    64 ||   120
       Headbutt          |     5 |    12 ||    17
Throw: Dart              |       |     6 ||     6
Armor: Scale mail        |    23 |     1 ||    24
       Ring mail         |       |    29 ||    29
Dodge: Dodged            |    28 |    32 ||    60
Block: Buckler           |    16 |    10 ||    26
